Map: Artillería pesada EE

Players

MrFercho

  • Race: Zerg Zerg
  • League: Silver
  • Spawn Location: 1:00

TATORREA

  • Race: Protoss Protoss
  • League: Silver
  • Spawn Location: 3:00

Javelin - Winner!

  • Race: Terran Terran
  • League: Gold
  • Spawn Location: 7:00

Thumper - Winner!

  • Race: Protoss Protoss
  • Spawn Location: 7:00

VOD

Have the link to the VOD?

Description

Time

  • Played on: June 15, 2020, 8:45 p.m.
  • Length: 39:17
Show
View Real Time Build Order
Export as new Build Order

MrFercho Zerg 

Build Orders: Hatch First 

Get SALT Encoding   

  12  0:02  Drone  
  13  0:14  Overlord  
  13  0:23  Drone  
  14  0:32  Drone x2  
  17  0:42  Drone  
  17  0:58  Drone  
  17  1:00  Drone  
  19  1:06  Hatchery  
  18  1:17  Spawning Pool  
  17  1:18  Extractor  
  17  1:19  Drone  
  17  1:21  Drone  
  18  1:30  Drone  
  19  1:48  Drone  
  19  1:51  Drone  
  21  2:02  Drone  
  22  2:14  Overlord  
  22  2:17  Queen  
  22  2:20  Drone  
  25  2:28  Drone  
  25  2:29  Queen  
  26  2:32  Drone  
  26  2:34  Drone  
  30  2:49  Drone x2  
  30  2:50  Drone  
  33  2:57  Lair  
  33  3:01  Drone  
  33  3:02  Drone  
  35  3:06  Drone  
  35  3:11  Roach Warren  
  35  3:12  Drone  
  36  3:18  Overlord, Extractor  
  35  3:21  Extractor  
  35  3:25  Drone  
  35  3:26  Drone  
  36  3:27  Evolution Chamber  
  36  3:33  Drone  
  36  3:36  Drone x3  
  36  3:38  Drone x2  
  36  3:39  Drone  
  42  3:48  Drone x2  
  44  4:12  Overlord x3  
  44  4:39  Drone  
  44  4:40  Roach  
  44  4:41  Roach x4  
  55  5:02  Zerg Missile Weapons Level 1  
  55  5:03  Hydralisk Den  
  54  5:14  Queen  
  54  5:15  Glial Reconstitution  
  56  5:25  Zergling x4  
  56  5:26  Zergling x2  
  56  5:28  Drone  
  60  5:33  Drone x5  
  65  5:38  Drone  
  65  5:39  Hatchery  
  65  5:44  Spore Crawler  
  64  5:57  Overseer  
  64  5:58  Drone x4  
  64  6:02  Overlord x3  
  68  7:14  Drone x12, Extractor  
  68  7:15  Drone  
  80  7:20  Drone x3  
  82  7:31  Hydralisk x2  
  85  7:46  Spine Crawler  
  85  7:49  Spine Crawler  
  83  7:52  Spine Crawler, Spore Crawler  
  83  7:58  Roach x2  
  83  7:59  Roach x5  
  95  8:07  Overseer  
  95  8:11  Grooved Spines  
  95  8:43  Overlord x4  
  95  8:44  Overlord  
  95  8:50  Zerg Ground Armor Level 1  
  95  8:55  Evolution Chamber  
  90  8:59  Infestation Pit  
  72  9:22  Muscular Augments  
  70  9:31  Drone x11  
  71  9:32  Drone x6  
  87  9:40  Extractor x2  
  87  9:44  Zerg Missile Weapons Level 2  
  85  9:46  Hive  
  85  9:52  Lurker Den  
  84  10:34  Hatchery  
  83  10:45  Hatchery  
  82  11:41  Drone x2  
  82  11:42  Drone x5  
  82  11:43  Drone x5  
  82  11:44  Drone  
  82  11:45  Drone  
  96  11:57  Spore Crawler  
  96  11:58  Hydralisk  
  96  11:59  Hydralisk x9  
  115  12:13  Hydralisk x6  
  127  12:31  Spore Crawler  
  127  12:32  Zerg Ground Armor Level 2, Zerg Missile Weapons Level 3  
  127  12:33  Spore Crawler  
  127  12:34  Adaptive Talons  
  125  12:41  Spore Crawler  
  124  12:46  Spore Crawler  
  124  12:48  Extractor  
  124  12:49  Spore Crawler  
  124  12:51  Extractor  
  120  12:53  Extractor  
  120  12:57  Extractor  
  118  13:15  Hydralisk  
  118  13:16  Hydralisk x10  
  118  13:19  Overlord x2  
  140  13:20  Overlord x2  
  140  13:21  Overlord  
  140  13:24  Overseer x4  
  140  13:31  Seismic Spines  
  140  13:32  Ultralisk Cavern  
  139  13:36  Nydus Network  
  139  13:41  Hydralisk x3  
  139  13:42  Hydralisk x7  
  139  13:48  Drone  
  160  14:17  Hydralisk x2  
  160  14:18  Hydralisk x8  
  160  14:20  Overlord  
  160  14:21  Overlord x3  
  160  14:22  Overlord  
  180  14:41  Hydralisk  
  180  14:42  Hydralisk x8  
  168  15:31  Hydralisk x18  
  168  15:34  Hydralisk  
  146  16:09  Zerg Ground Armor Level 3  
  144  16:22  Hydralisk x8  
  144  16:23  Hydralisk x14  
  172  16:40  Hydralisk  
  172  16:41  Hydralisk x10  
  172  16:46  Drone  
  179  16:47  Drone x4  
  165  17:35  Hydralisk x12  
  165  17:36  Hydralisk x5  
  153  18:31  Overlord x2, Extractor  
  153  18:32  Overlord  
  134  18:57  Hydralisk x2  
  134  18:58  Hydralisk x23  
  184  19:09  Hydralisk x2  
  184  19:47  Lair  
  184  19:49  Lair  
  178  19:54  Spore Crawler  
  178  19:57  Spore Crawler  
  178  19:58  Spore Crawler  
  161  20:24  Hatchery  
  160  20:37  Hatchery  
  143  21:17  Drone x2  
  143  21:18  Drone  
  90  21:45  Hydralisk  
  90  21:46  Hydralisk x24  
  90  21:47  Hydralisk x8  
  86  21:49  Hydralisk  
  86  21:50  Hydralisk x21  
  156  21:55  Pneumatized Carapace  
  156  21:58  Hydralisk  
  156  21:59  Hydralisk  
  158  22:42  Hydralisk x12  
  182  22:58  Drone x4  
  186  23:05  Drone x8  
  194  23:25  Hydralisk x2  
  198  23:28  Overlord  
  190  24:05  Spore Crawler  
  190  24:07  Spore Crawler  
  183  24:14  Hydralisk  
  183  24:15  Hydralisk x9  
  183  24:16  Hydralisk  
  200  24:22  Extractor  
  195  24:25  Extractor  
  195  24:29  Drone x6  
  140  26:24  Hydralisk x12  
  164  26:38  Hatchery x2  
  164  26:39  Hatchery  
  161  26:49  Extractor x2  
  131  27:13  Hydralisk  
  131  27:14  Hydralisk x11  
  145  28:00  Overseer x2  
  145  28:01  Overseer x2  
  99  28:55  Hydralisk x3  
  99  28:56  Hydralisk x9  
  123  29:30  Hydralisk x12  
  109  29:41  Drone  
  84  30:25  Drone  
  84  30:26  Drone x2  
  41  31:25  Spire  
  40  31:45  Hatchery  
  39  31:51  Burrow  
  39  32:07  Spore Crawler  
  38  32:08  Spore Crawler  
  38  32:12  Queen  
  19  32:40  Hydralisk x10  
  39  33:15  Overseer  
  40  34:10  Drone x4  
  40  34:14  Hatchery  
  42  35:30  Drone x11  
  36  36:17  Mutalisk x5  
  15  38:23  Corruptor  
  15  38:24  Corruptor x3  
Show
View Real Time Build Order
Export as new Build Order

TATORREA Protoss 

Build Orders:  

Get SALT Encoding   

  12  0:01  Probe  
  13  0:13  Probe  
  14  0:25  Probe  
  15  0:31  Pylon  
  15  0:43  Assimilator  
  15  0:49  Probe  
  16  1:01  Probe  
  17  1:04  Gateway  
  17  1:06  Gateway  
  17  1:13  Probe  
  18  1:21  Probe  
  18  1:23  Pylon  
  19  1:29  Probe  
  19  1:39  Probe  
  20  1:43  Assimilator  
  21  1:47  Probe  
  22  1:55  Probe  
  23  2:06  Probe  
  24  2:12  Nexus  
  24  2:15  Probe  
  24  2:16  Pylon  
  25  2:23  Probe  
  26  2:32  Probe  
  27  2:37  Cybernetics Core  
  27  2:44  Probe  
  28  2:56  Probe  
  29  3:08  Probe  
  30  3:13  Stalker x2  
  34  3:20  Probe  
  34  3:23  Robotics Facility  
  35  3:33  Probe x2  
  37  3:41  Assimilator  
  37  3:43  Warp Gate, Assimilator  
  37  3:45  Probe x2  
  39  3:49  Stalker  
  39  3:51  Stalker  
  43  3:57  Probe x2  
  45  4:03  Pylon  
  45  4:07  Pylon  
  45  4:09  Probe x2  
  47  4:16  Immortal  
  51  4:21  Probe x2  
  53  4:33  Probe  
  53  4:34  Probe  
  55  4:45  Probe  
  56  4:46  Probe  
  56  4:51  Nexus  
  57  4:53  Pylon  
  57  4:57  Probe  
  57  4:58  Probe  
  59  5:09  Probe  
  59  5:10  Probe  
  59  5:13  Gateway  
  61  5:14  Gateway  
  61  5:16  Gateway  
  61  5:19  Pylon  
  61  5:21  Pylon  
  61  5:22  Probe  
  61  5:24  Probe  
  61  5:26  Pylon  
  63  5:29  Pylon  
  63  5:34  Probe  
  64  5:36  Probe  
  64  5:37  Immortal  
  69  5:47  Probe  
  69  5:48  Probe  
  71  5:53  Stalker x2  
  75  5:59  Probe  
  75  6:00  Probe  
  77  6:04  Probe  
  77  6:11  Probe  
  79  6:12  Probe  
  79  6:16  Probe  
  81  6:21  Nexus  
  81  6:23  Probe  
  81  6:24  Probe  
  81  6:25  Pylon  
  83  6:28  Probe  
  83  6:30  Assimilator  
  83  6:31  Stalker x2  
  88  6:34  Assimilator  
  88  6:35  Probe  
  88  6:36  Probe  
  90  6:40  Probe  
  90  6:43  Forge  
  91  6:47  Probe  
  91  6:48  Probe  
  91  6:53  Probe  
  94  6:59  Probe  
  94  7:01  Probe  
  96  7:05  Probe  
  96  7:07  Stalker x2  
  96  7:08  Stalker x3  
  107  7:11  Probe  
  107  7:13  Probe  
  109  7:17  Probe  
  110  7:23  Probe  
  110  7:25  Probe  
  110  7:29  Probe  
  113  7:33  Pylon  
  113  7:35  Probe, Protoss Ground Weapons Level 1  
  113  7:37  Pylon  
  114  7:39  Stalker x3  
  114  7:40  Stalker, Pylon  
  114  7:41  Stalker  
  124  7:45  Immortal  
  128  7:57  Twilight Council  
  128  8:09  Gateway  
  128  8:10  Gateway  
  128  8:11  Gateway  
  128  8:13  Gateway  
  128  8:14  Gateway  
  128  8:15  Gateway, Assimilator  
  128  8:16  Assimilator  
  128  8:17  Stalker x4  
  128  8:18  Stalker, Gateway  
  138  8:48  Nexus  
  138  8:49  Pylon  
  138  8:52  Pylon  
  138  8:57  Pylon  
  138  9:01  Pylon  
  138  9:02  Stalker  
  140  9:03  Stalker  
  140  9:04  Stalker x3  
  140  9:05  Pylon  
  140  9:08  Stalker x2  
  140  9:09  Stalker  
  150  9:12  Stalker x2  
  138  9:35  Stalker x4  
  138  9:36  Stalker x2  
  138  9:37  Stalker x3  
  138  9:38  Stalker  
  158  9:54  Pylon  
  158  9:59  Pylon  
  158  10:03  Pylon  
  158  10:05  Pylon  
  158  10:06  Gateway  
  158  10:08  Pylon  
  158  10:09  Gateway  
  158  10:10  Gateway  
  158  10:22  Forge  
  158  10:24  Forge  
  158  10:28  Stargate  
  158  10:30  Stargate  
  158  10:32  Gateway  
  158  10:35  Gateway  
  158  10:37  Protoss Ground Weapons Level 2  
  158  10:38  Gateway  
  158  10:43  Templar Archives  
  158  10:44  Protoss Shields Level 1, Stalker x6, Protoss Ground Armor Level 1  
  158  10:45  Stalker x4  
  158  10:46  Stalker x2  
  182  10:52  Charge  
  182  10:54  Immortal  
  186  11:04  Stalker  
  186  11:05  Protoss Air Weapons Level 1  
  186  11:10  Stalker x3  
  186  11:11  Stalker x3  
  102  12:29  Stalker x2  
  88  12:30  Stalker x5  
  88  12:31  Stalker x3  
  88  12:32  Stalker x4  
  88  12:33  Stalker x4  
  120  12:38  Void Ray  
  120  12:39  Void Ray  
  120  12:44  Protoss Shields Level 2, Protoss Ground Armor Level 2  
  128  12:48  Immortal  
  128  13:00  Fleet Beacon  
  128  13:14  Protoss Ground Weapons Level 3  
  128  13:21  Void Ray  
  132  13:31  Immortal  
  132  13:33  Void Ray  
  140  13:35  Assimilator  
  140  13:36  High Templar  
  140  13:37  Assimilator, High Templar x4  
  140  13:38  High Templar x3  
  140  13:39  High Templar x4  
  140  13:40  High Templar x5  
  174  13:41  High Templar  
  176  14:04  Void Ray  
  176  14:05  Archon  
  176  14:06  Archon x4, Gateway  
  176  14:07  Archon x2  
  176  14:08  Archon  
  176  14:09  Archon, Gateway  
  180  14:11  Gateway  
  180  14:13  Stalker x2, Gateway  
  180  14:14  Stalker x5  
  180  14:15  Stalker x3  
  200  14:17  Gateway  
  200  14:18  Gateway  
  200  14:47  Photon Cannon  
  200  14:50  Photon Cannon  
  184  14:59  Photon Cannon  
  144  15:02  Photon Cannon  
  84  15:14  Photon Cannon  
  84  15:17  Photon Cannon  
  84  15:42  High Templar x3  
  88  15:43  High Templar x5  
  88  15:44  High Templar x4  
  88  15:45  High Templar x4  
  88  15:49  Stalker  
  113  15:50  Stalker  
  113  15:54  Stalker x2  
  111  15:58  Archon  
  111  15:59  Archon x4  
  111  16:00  Archon x2  
  111  16:01  Archon  
  111  16:04  Stalker x2  
  112  16:05  Stalker  
  116  16:12  Pylon  
  101  16:39  Stalker  
  98  16:40  Stalker x5  
  98  16:41  Stalker x3  
  98  16:42  Stalker  
  98  17:02  Protoss Ground Armor Level 3  
  97  17:24  Pylon  
  97  17:32  Probe  
  98  17:41  Probe  
  98  17:42  Probe  
  98  17:44  Probe  
  101  17:49  Nexus  
  101  17:53  Probe  
  101  17:54  Probe  
  101  17:56  Probe  
  104  18:04  Stalker x2  
  104  18:05  Probe, Stalker x3  
  110  18:06  Probe, Stalker x5  
  110  18:07  Stalker x4  
  110  18:08  Probe, Stalker x4  
  139  18:20  Nexus  
  139  18:27  Probe x3  
  132  18:39  Probe x3  
  123  18:45  Stalker x3  
  123  18:46  Stalker x3  
  123  18:47  Stalker x2  
  137  18:55  Assimilator  
  137  18:59  Assimilator  
  137  19:06  Stalker x3  
  143  19:10  Probe x2  
  143  19:11  Probe  
  146  19:22  Probe x2  
  146  19:23  Probe  
  149  19:50  Stalker  
  149  19:51  Stalker x2  
  149  19:52  Stalker x4  
  161  19:53  Stalker x3  
  161  19:54  Stalker x2  
  161  19:55  Stalker  
  170  20:24  Stalker  
  170  20:25  Stalker x5  
  170  20:26  Stalker x2  
  186  20:53  Stalker x2  
  186  20:54  Stalker x2  
  186  20:55  Stalker x3  
  177  21:30  Pylon  
  167  21:33  Pylon  
  167  21:34  Pylon  
  167  21:35  Stalker x2  
  167  21:36  Stalker x5, Pylon  
  167  21:37  Stalker x3  
  167  21:38  Stalker x2  
  183  21:54  Nexus  
  182  21:55  Pylon  
  180  22:45  Protoss Shields Level 3  
  64  23:49  Stalker  
  64  23:50  Stalker x5  
  64  23:51  Stalker x4  
  64  23:52  Stalker x5  
  64  23:53  Stalker x2  
  76  24:10  Pylon  
  76  24:12  Probe x2  
  76  24:14  Pylon x2  
  78  24:18  Pylon  
  78  24:24  Probe x2  
  78  24:29  Assimilator  
  74  24:32  Assimilator  
  74  24:44  Nexus  
  74  24:49  Pylon  
  74  24:52  Nexus  
  74  24:58  Observer  
  75  25:34  Immortal  
  79  25:37  Stalker x3  
  79  25:38  Stalker x4  
  79  25:39  Stalker x4  
  79  25:40  Stalker x4  
  79  25:41  Stalker x4  
  111  26:45  Probe x3  
  114  26:51  Probe  
  115  26:57  Probe x3  
  115  26:59  Assimilator  
  115  27:00  Assimilator  
  118  27:04  Probe  
  119  27:09  Probe  
  120  27:34  Pylon, Phoenix x2  
  124  27:41  Anion Pulse-Crystals  
  124  27:54  Observer  
  124  27:57  Stalker  
  124  27:58  Stalker x3, Protoss Air Armor Level 1  
  131  27:59  Stalker, Phoenix x2  
  131  28:03  Zealot x3  
  131  28:04  Zealot x5  
  131  28:05  Zealot x2  
  157  28:06  Zealot  
  157  28:07  Zealot x3  
  167  28:23  Phoenix  
  167  28:24  Phoenix  
  171  28:30  Zealot x4  
  171  28:31  Zealot x2  
  183  28:35  Probe x3  
  186  28:48  Phoenix  
  186  28:49  Phoenix  
  121  29:42  Stalker x4  
  121  29:43  Stalker x3  
  121  29:44  Stalker x2  
  121  29:45  Stalker x3  
  129  30:15  Stalker x4  
  129  30:16  Stalker x2  
  133  30:35  Pylon  
  133  30:39  Pylon x2  
  133  30:43  Pylon  
  133  31:10  Stalker  
  133  31:11  Stalker  
  137  31:14  Nexus  
  131  31:23  Probe  
  131  31:24  Probe x3  
  111  31:36  Probe x2  
  109  31:40  Probe  
  107  31:48  Probe x2  
  105  32:21  Stalker  
  105  32:22  Stalker  
  109  32:57  Zealot x3  
  109  32:58  Zealot  
  117  33:08  Stalker x2  
  121  33:20  Probe  
  122  33:29  Assimilator  
  122  33:32  Probe, Assimilator  
  123  34:02  Pylon  
  123  34:08  Stalker x2  
  123  34:09  Stalker  
  129  34:13  Stalker  
  129  34:14  Nexus  
  131  34:42  Probe  
  130  34:55  Probe  
  121  35:07  Probe  
  36  35:22  Probe  
  38  35:28  Probe  
  38  35:34  Probe  
  39  35:35  Stalker  
  39  35:36  Stalker x4  
  39  35:37  Stalker x4  
  39  35:38  Stalker  
  39  35:40  Probe  
  60  35:44  Probe  
  60  35:48  Probe  
  61  35:53  Probe  
  61  35:56  Probe  
  64  36:16  Stalker x4  
  64  36:17  Stalker  
  64  36:18  Stalker  
  76  36:33  Stalker  
  76  36:34  Stalker  
  34  37:49  Zealot  
  34  37:50  Zealot x4  
  34  37:51  Zealot x2  
  46  37:52  Zealot  
  46  37:53  Zealot x2  
Show
View Real Time Build Order
Export as new Build Order

Javelin Terran - Winner!

Build Orders:  

Get SALT Encoding   

  12  0:01  SCV  
  13  0:17  Supply Depot  
  13  0:18  SCV  
  14  0:30  SCV  
  15  0:40  Barracks  
  15  0:45  SCV  
  16  0:50  Supply Depot  
  16  0:57  SCV  
  17  1:09  SCV  
  18  1:21  SCV  
  19  1:46  Engineering Bay  
  19  1:47  Orbital Command  
  19  1:51  Marine  
  20  2:00  Command Center  
  20  2:15  Refinery  
  20  2:18  Refinery  
  20  2:27  Command Center  
  20  2:29  Marine  
  21  2:49  SCV  
  22  2:51  Marine  
  23  3:01  SCV  
  24  3:07  Hi-Sec Auto Tracking  
  24  3:09  Marine  
  25  3:13  SCV  
  25  3:15  Refinery  
  26  3:23  Missile Turret  
  26  3:25  SCV  
  27  3:27  Marine  
  28  3:37  SCV  
  29  3:42  Supply Depot  
  29  3:44  SCV  
  29  3:45  Marine  
  31  3:49  SCV  
  31  3:52  Refinery  
  32  3:56  SCV  
  33  4:04  Neosteel Armor  
  33  4:08  SCV  
  34  4:20  SCV  
  35  4:26  Planetary Fortress  
  35  4:32  Supply Depot x2  
  35  4:33  SCV  
  36  4:50  Supply Depot  
  36  4:54  Missile Turret, Marine  
  36  4:55  Missile Turret  
  36  4:57  SCV  
  38  5:09  SCV  
  38  5:11  SCV  
  38  5:12  Bunker, Marine  
  41  5:20  Refinery  
  41  5:22  Refinery  
  41  5:23  SCV  
  41  5:25  SCV  
  43  5:30  Marine  
  43  5:35  SCV  
  45  5:37  SCV  
  45  5:42  Factory  
  46  5:47  SCV, Missile Turret  
  46  5:49  SCV  
  48  5:59  SCV  
  48  6:01  SCV  
  50  6:11  SCV  
  50  6:13  SCV  
  52  6:32  SCV  
  53  6:35  Planetary Fortress  
  53  6:39  Missile Turret  
  53  6:42  Missile Turret  
  53  6:44  SCV  
  54  6:56  SCV  
  54  6:59  Starport  
  55  7:05  Starport  
  55  7:08  SCV  
  56  7:14  Starport, Factory Tech Lab  
  56  7:20  SCV, Starport  
  57  7:27  SCV  
  58  7:39  SCV  
  58  7:43  Siege Tank  
  62  7:49  Starport Tech Lab x2  
  62  7:51  SCV, Starport Tech Lab  
  63  8:00  Armory  
  63  8:03  Armory, SCV  
  64  8:06  Starport Tech Lab, Fusion Core  
  64  8:15  SCV, Starport, Siege Tank  
  64  8:16  SCV  
  69  8:22  Supply Depot  
  69  8:28  SCV  
  70  8:39  Supply Depot  
  70  8:40  SCV  
  71  8:42  Supply Depot  
  71  8:52  SCV, Command Center  
  72  9:02  Supply Depot  
  72  9:03  Cloaking Field, Hyperflight Rotors  
  72  9:04  SCV  
  72  9:05  Supply Depot  
  72  9:06  Terran Ship Weapons Level 1  
  72  9:08  Terran Vehicle And Ship Armor Level 1  
  73  9:10  Weapon Refit  
  73  9:28  Supply Depot  
  73  9:29  Starport Reactor  
  73  9:30  Supply Depot  
  73  9:39  Battlecruiser  
  79  9:57  Battlecruiser  
  91  10:00  Battlecruiser  
  91  10:14  Supply Depot  
  91  10:20  Sensor Tower  
  91  10:25  Battlecruiser  
  91  10:27  Liberator  
  91  10:28  Liberator  
  103  10:43  Battlecruiser  
  103  10:46  Sensor Tower  
  103  10:49  Advanced Ballistics  
  109  10:51  Sensor Tower  
  109  10:54  Missile Turret  
  109  11:01  Battlecruiser  
  115  11:05  Battlecruiser  
  115  11:09  Terran Ship Weapons Level 2  
  115  11:10  Liberator x2  
  127  11:12  Missile Turret  
  127  11:14  Terran Vehicle And Ship Armor Level 2  
  127  11:15  Missile Turret  
  127  11:20  SCV  
  128  11:28  SCV  
  128  11:29  Battlecruiser  
  128  11:32  SCV  
  136  11:34  Refinery  
  136  11:37  SCV  
  137  11:41  SCV  
  137  11:44  SCV  
  139  11:49  SCV  
  140  12:00  Refinery  
  140  12:01  SCV  
  129  12:56  Missile Turret  
  129  13:06  Sensor Tower  
  129  13:09  Liberator x2  
  135  13:13  Battlecruiser x4  
  159  13:33  SCV  
  160  13:40  SCV  
  161  13:45  SCV  
  162  13:52  SCV, Liberator x2  
  169  13:57  SCV  
  170  14:04  SCV  
  170  14:09  SCV  
  172  14:57  SCV  
  172  15:03  SCV  
  172  15:38  Battlecruiser, SCV  
  172  15:39  Battlecruiser  
  167  16:18  Planetary Fortress  
  125  17:06  Battlecruiser x4  
  149  17:11  Viking x2  
  153  17:17  Supply Depot  
  153  17:18  Supply Depot  
  153  17:25  Missile Turret  
  153  17:27  Missile Turret  
  153  17:40  Supply Depot  
  153  17:41  Viking x2, SCV  
  153  17:44  Missile Turret  
  136  18:10  Battlecruiser x4  
  114  19:02  Missile Turret  
  114  19:04  Missile Turret x2  
  114  19:05  Missile Turret  
  114  19:07  Missile Turret  
  114  19:13  Liberator  
  114  19:14  Battlecruiser x2, Liberator  
  114  19:15  Battlecruiser x2  
  144  19:56  Liberator x2  
  126  20:07  Terran Ship Weapons Level 3  
  126  20:10  Terran Vehicle And Ship Armor Level 3  
  126  20:18  Battlecruiser  
  126  20:19  Orbital Command  
  132  20:39  Liberator x2  
  138  20:58  Refinery  
  138  21:00  Refinery  
  120  23:27  Command Center  
  114  24:08  Battlecruiser x3  
  132  24:14  Hellbat  
  128  24:36  Hellbat  
  130  24:57  Hellbat  
  132  25:10  Command Center  
  132  25:18  Hellbat  
  134  25:26  Battlecruiser  
  134  25:27  Battlecruiser  
  140  25:40  Hellbat  
  142  25:52  SCV, Refinery  
  144  26:04  SCV  
  144  26:16  SCV  
  145  26:26  Missile Turret  
  145  26:28  SCV, Missile Turret  
  145  26:32  Missile Turret  
  136  27:32  Refinery  
  129  27:54  Battlecruiser x2  
  129  27:55  Battlecruiser  
  147  28:30  Refinery x2  
  135  30:15  Missile Turret  
  129  30:35  Sensor Tower  
  97  32:36  Battlecruiser x4  
  121  32:48  Barracks Reactor  
  120  33:08  Medivac x2  
  124  33:15  Supply Depot  
  124  33:38  Medivac x2, Supply Depot  
  124  33:40  Battlecruiser  
  134  34:08  Medivac  
  136  34:25  Missile Turret  
  136  34:45  Missile Turret  
Show
View Real Time Build Order
Export as new Build Order

Thumper Protoss - Winner!

Build Orders:  

Get SALT Encoding   

  1  0:00  Probe  
  12  0:07  Probe  
  14  0:20  Probe, Pylon  
  15  0:38  Gateway  
  15  0:41  Assimilator  
  16  0:42  Probe  
  16  0:55  Probe  
  17  1:04  Assimilator  
  17  1:07  Probe  
  18  1:15  Forge  
  18  1:16  Probe  
  18  1:24  Probe  
  20  1:33  Probe  
  21  1:45  Probe  
  22  1:51  Nexus  
  22  1:57  Probe  
  22  1:59  Pylon  
  23  2:11  Assimilator  
  23  2:17  Probe, Assimilator  
  24  2:25  Probe  
  25  2:30  Cybernetics Core  
  25  2:37  Pylon  
  25  2:39  Protoss Shields Level 1  
  25  2:45  Probe  
  26  2:57  Probe  
  27  3:07  Photon Cannon  
  27  3:08  Probe  
  28  3:12  Photon Cannon  
  28  3:16  Probe  
  28  3:17  Probe  
  28  3:24  Probe  
  28  3:25  Probe  
  28  3:26  Warp Gate  
  32  3:34  Probe  
  32  3:35  Probe  
  34  3:46  Probe  
  35  3:49  Probe  
  36  3:58  Probe  
  36  4:01  Probe  
  36  4:02  Gateway  
  38  4:11  Probe, Pylon  
  38  4:12  Probe, Pylon  
  38  4:15  Pylon  
  40  4:20  Probe  
  40  4:23  Probe  
  42  4:28  Probe  
  42  4:35  Probe  
  42  4:37  Protoss Ground Weapons Level 1  
  44  4:39  Gateway  
  44  4:42  Gateway  
  44  4:46  Gateway  
  44  5:00  Gateway  
  44  5:02  Gateway  
  44  5:04  Pylon  
  44  5:05  Pylon  
  44  5:14  Photon Cannon  
  44  5:16  Photon Cannon  
  44  5:18  Robotics Facility  
  44  5:22  Gateway  
  44  5:25  Gateway  
  44  5:27  Gateway  
  44  5:29  Gateway  
  44  5:32  Pylon  
  44  5:50  Stalker  
  44  5:51  Stalker  
  44  5:52  Stalker  
  44  5:55  Stalker  
  52  5:58  Stalker  
  54  6:07  Warp Prism  
  56  6:18  Stalker  
  56  6:20  Stalker  
  56  6:21  Stalker  
  56  6:22  Stalker  
  56  6:23  Stalker  
  56  6:25  Stalker  
  68  6:26  Stalker  
  68  6:27  Stalker  
  68  6:28  Stalker  
  74  6:44  Observer  
  74  6:46  Stalker, Protoss Ground Armor Level 1  
  77  6:47  Stalker  
  77  6:48  Stalker  
  77  6:49  Stalker  
  77  6:50  Stalker  
  77  6:51  Stalker  
  87  8:04  Stalker x2  
  87  8:05  Stalker  
  93  8:06  Stalker  
  93  8:07  Stalker  
  93  8:08  Stalker  
  93  8:10  Stalker  
  101  8:18  Pylon x2  
  101  8:23  Pylon  
  101  8:25  Pylon  
  101  8:26  Pylon  
  101  8:30  Pylon  
  101  8:46  Twilight Council  
  48  9:45  Observer  
  48  10:03  Nexus  
  48  10:06  Assimilator  
  48  10:07  Assimilator  
  48  10:08  Pylon  
  48  10:09  Pylon  
  48  10:10  Pylon  
  48  10:11  Pylon  
  48  10:13  Pylon  
  48  10:26  Gateway  
  48  10:27  Gateway  
  48  10:29  Gateway  
  48  10:36  Blink  
  48  10:58  Photon Cannon  
  48  10:59  Photon Cannon  
  48  11:00  Photon Cannon  
  48  11:02  Photon Cannon  
  48  11:03  Photon Cannon  
  48  11:05  Photon Cannon  
  48  11:06  Photon Cannon  
  48  11:09  Photon Cannon  
  48  11:11  Photon Cannon  
  48  11:18  Stalker  
  48  11:20  Stalker  
  48  11:21  Stalker  
  48  11:22  Stalker  
  48  11:23  Stalker  
  48  11:24  Stalker  
  48  11:25  Stalker  
  62  11:26  Stalker  
  62  11:30  Stalker  
  66  11:59  Stalker  
  66  12:00  Stalker  
  70  12:01  Stalker  
  70  12:02  Stalker  
  70  12:05  Sentry  
  74  12:20  Protoss Ground Weapons Level 2  
  74  12:29  Probe  
  75  12:37  Probe  
  76  12:46  Warp Prism, Probe  
  79  12:55  Probe  
  79  12:58  Probe  
  79  13:03  Probe  
  79  13:05  Probe  
  81  13:06  Probe  
  84  13:13  Probe x2  
  84  13:15  Probe  
  87  13:21  Probe  
  87  13:25  Probe  
  89  13:27  Probe  
  89  13:33  Probe  
  91  13:39  Probe  
  92  13:45  Probe  
  93  13:52  Nexus  
  93  13:55  Assimilator  
  93  13:59  Assimilator  
  92  14:40  Stalker  
  92  14:41  Stalker  
  92  14:42  Stalker  
  92  14:43  Stalker  
  92  14:44  Stalker  
  102  14:46  Stalker  
  102  14:47  Stalker  
  102  14:48  Stalker  
  102  14:49  Stalker  
  102  14:51  Stalker  
  102  14:52  Stalker  
  114  14:53  Stalker  
  114  14:54  Protoss Shields Level 2  
  103  15:22  Zealot x3  
  103  15:23  Zealot x5  
  103  15:24  Zealot x4  
  77  16:26  Stalker  
  77  16:27  Stalker  
  77  16:29  Stalker  
  77  16:30  Stalker  
  77  16:31  Stalker  
  77  16:32  Stalker  
  89  16:33  Stalker  
  89  16:34  Stalker  
  89  16:35  Stalker  
  89  16:37  Stalker  
  89  16:38  Stalker  
  89  16:39  Stalker  
  101  16:45  Immortal  
  105  17:11  Stalker  
  105  17:12  Stalker  
  105  17:14  Stalker  
  111  17:15  Stalker  
  111  17:16  Stalker  
  111  17:17  Stalker, Protoss Ground Armor Level 2  
  111  17:19  Stalker  
  111  17:20  Stalker  
  111  17:21  Stalker  
  111  17:22  Stalker  
  125  17:24  Immortal  
  125  17:25  Stalker  
  125  17:26  Stalker  
  133  18:03  Immortal  
  73  18:33  Immortal  
  73  18:35  Stalker  
  73  18:36  Stalker  
  73  18:37  Stalker  
  73  18:38  Stalker  
  73  18:39  Stalker  
  73  18:40  Stalker x2  
  87  18:41  Stalker  
  87  18:42  Stalker  
  87  18:43  Stalker  
  87  18:44  Stalker  
  87  18:45  Stalker  
  101  19:08  Stalker  
  101  19:09  Stalker  
  105  19:10  Stalker  
  105  19:11  Stalker  
  105  19:12  Immortal, Stalker  
  105  19:13  Stalker  
  105  19:14  Stalker  
  105  19:15  Stalker  
  105  19:17  Stalker  
  123  19:26  Robotics Bay  
  123  19:34  Dark Shrine  
  123  19:42  Stalker  
  123  19:43  Stalker  
  123  19:44  Stalker  
  129  19:45  Stalker  
  129  19:46  Sentry  
  129  19:47  Stalker  
  129  19:48  Stalker  
  129  19:50  Stalker  
  129  19:51  Immortal, Stalker, Protoss Ground Weapons Level 3  
  145  19:53  Stalker  
  145  19:55  Stalker x2  
  151  20:30  Immortal  
  151  21:10  Immortal  
  88  22:42  Dark Templar  
  88  22:43  Dark Templar x4  
  88  22:44  Dark Templar x2  
  100  22:45  Dark Templar x2  
  100  22:48  Dark Templar x2  
  100  22:49  Dark Templar  
  94  23:03  Protoss Ground Armor Level 3  
  94  23:23  Dark Templar x2  
  94  23:24  Dark Templar x5  
  94  23:25  Dark Templar x3  
  94  23:26  Dark Templar x2  
  102  24:00  Dark Templar x2  
  102  24:01  Dark Templar x2  
  110  24:02  Dark Templar  
  110  24:03  Dark Templar x3  
  110  24:04  Dark Templar x2  
  110  24:05  Dark Templar x2  
  124  25:56  Dark Templar x3  
  130  25:57  Dark Templar x2  
  130  25:58  Dark Templar  
  130  26:02  Protoss Shields Level 3  
  130  26:32  Dark Templar  
  132  27:14  Nexus  
  132  27:18  Assimilator  
  132  27:23  Assimilator  
  132  27:26  Pylon  
  132  27:55  Archon x3  
  132  27:56  Archon x7  
  132  27:57  Archon x7  
  132  27:58  Archon x3  
  128  29:01  Photon Cannon  
  128  29:03  Photon Cannon  
  128  29:04  Photon Cannon  
  128  29:06  Photon Cannon  
  3  30:49  Zealot x5  
  13  30:50  Zealot x2  
  13  30:55  Zealot x2  
  13  30:56  Zealot x3  
  27  31:02  Disruptor  
  30  31:05  Charge  
  30  31:31  Zealot  
  30  31:32  Zealot x3  
  38  31:33  Zealot x3  
  38  31:34  Zealot x2  
  38  31:35  Zealot x2  
  38  31:37  Zealot, Disruptor  
  56  31:51  Zealot x2  
  56  31:52  Zealot x2  
  56  33:17  Zealot  
  56  33:18  Zealot x3  
  56  33:19  Zealot x3  
  70  33:23  Zealot x3  
  70  33:24  Zealot x2  
  80  33:35  Nexus  
  80  33:39  Pylon  
  80  33:41  Pylon  
  80  33:42  Pylon  
  80  34:05  Photon Cannon  
Tags
 
Add a new tag
Caveats
  • Supply blocks, unpowered buildings, or Contaminate may cause inaccurate times.
  • Supply counts are checked every 10 seconds.